 Dungeon Crawl Stone Soup version 0.31.0-11-ge490571c62 (webtiles) character file.

Game seed: 9529947544731470300

358506 vbillard the Scorcher (level 21, -21/142 HPs)
             Began as a Deep Elf Conjurer on Jan 27, 2024.
             Was the Champion of Vehumet.
             Killed from afar by a tengu reaver (36 damage)
             ... with a bolt of lightning
             ... on level 5 of the Vaults on Jan 28, 2024.
             The game lasted 04:56:10 (61570 turns).

vbillard the Scorcher (Deep Elf Conjurer)          Turns: 61570, Time: 04:56:11

Health: -21/142    AC: 17    Str:  8    XL:     21   Next: 44%
Magic:  15/45      EV: 14    Int: 39    God:    Vehumet [******]
Gold:   4323       SH:  9    Dex: 12    Spells: 6/56 levels left

rFire   + + +        V - staff of fire
rCold   + + +        J - +3 buckler of Wu Jian's Regard {rN+ Will+ Int+3}
rNeg    + . .        p - +4 skin of Zhor {*Englaciate rC+++ SInv}
rPois   +            u - +2 helmet {Int+3}
rElec   .            o - +2 cloak of Classification {rPois rF+++ Str+4 Dex-3}
rCorr   .            W - +2 pair of gloves
SInv    +            g - +1 pair of boots
Will    ++++.        z - amulet of regeneration
Stlth   +++          s - ring of wizardry
HPRegen 1.23/turn    d - ring "Trusted Companion" {Fly rF+ Will+ Str-2 Dex+2}
MPRegen 0.29/turn

%: wizardry (x1)
@: flying, very slightly contaminated, hasted, studying Ranged Weapons, very
quick
A: inability to drink after injury 1
}: 2/15 runes: decaying, serpentine
a: Renounce Religion


You were on level 5 of the Vaults.
You worshipped Vehumet.
Vehumet was exalted by your worship.
You visited 8 branches of the dungeon, and saw 39 of its levels.
You also visited: Trove, Ossuary and Ice Cave.

You collected 5940 gold pieces.
You spent 1617 gold pieces at shops.

Inventory:

Armour
 g - a +1 pair of boots (worn)
 o - the +2 cloak of Classification (worn) {rPois rF+++ Str+4 Dex-3}
   (You found it in a treasure trove)

   Str+4:     It affects your strength (+4).
   Dex-3:     It affects your dexterity (-3).
   rF+++:     It renders you almost immune to fire.
   rPois:     It protects you from poison
 p - the +4 skin of Zhor (worn) {*Englaciate rC+++ SInv}
   (You found it on level 3 of the Swamp)

   *Englaciate: It radiates cold, occasionally slowing all nearby creatures who
   are not resistant to cold.
   rC+++:     It renders you almost immune to cold.
   SInv:      It lets you see invisible.
 u - a +2 helmet of intelligence (worn)
 J - the +3 buckler of Wu Jian's Regard (worn) {rN+ Will+ Int+3}
   (You found it in a treasure trove)

   Int+3:     It affects your intelligence (+3).
   rN+:       It protects you from negative energy.
   Will+:     It increases your willpower.
 W - a +2 pair of gloves (worn)
Magical Staves
 n - the staff of Fear {rC+ Will++ Earth}
   (You acquired it on level 1 of the Vaults)

   [staff of earth]

   Base accuracy: +5 Base damage: 5 Base attack delay: 1.2 This weapon's minimum
   attack delay (0.6) is reached at skill level 12.
   rC+:       It protects you from cold.
   Will++:    It greatly increases your willpower.
   Earth:     It increases the power of your Earth spells.
   It falls into the 'Staves' category.
   It is a one-handed weapon.
 E - a staff of air
 V - a staff of fire (weapon)
Jewellery
 d - the ring "Trusted Companion" (right hand) {Fly rF+ Will+ Str-2 Dex+2}
   (You bought it in a shop on level 1 of the Snake Pit)

   [ring of willpower]

   Str-2:     It affects your strength (-2).
   Dex+2:     It affects your dexterity (+2).
   rF+:       It protects you from fire.
   Will+:     It increases your willpower.
   Fly:       It grants you flight.
 e - a ring of willpower
 s - a ring of wizardry (left hand)
 z - an amulet of regeneration (around neck)
 B - an amulet of reflection
 N - a ring of positive energy
 O - a ring of flight
 S - the ring "Etassidgh" {Wiz Str+5}
   (You took it off a deep elf elementalist on level 3 of the Elven Halls)

   [ring of wizardry]

   Wiz:       It improves your spell success rate.
   Str+5:     It affects your strength (+5).
Wands
 v - a wand of light (39)
 P - a wand of mindburst (24)
 X - a wand of digging (10)
Scrolls
 a - 5 scrolls of enchant weapon
 c - 12 scrolls of teleportation
 f - 2 scrolls of identify
 h - 7 scrolls of immolation
 j - 6 scrolls of vulnerability
 k - 7 scrolls of blinking
 l - 10 scrolls of enchant armour
 q - 3 scrolls of fog
 t - 3 scrolls of butterflies
 y - a scroll of amnesia
 D - 4 scrolls of revelation
 Q - 2 scrolls of fear
 U - 4 scrolls of poison
Potions
 b - 6 potions of magic
 i - 7 potions of mutation
 m - 7 potions of haste
 r - 5 potions of resistance
 x - 2 potions of lignification
 A - 19 potions of curing
 F - 4 potions of berserk rage
 G - a potion of cancellation
 H - a potion of attraction
 I - 3 potions of enlightenment
 K - 9 potions of heal wounds
 M - 6 potions of brilliance
 T - 2 potions of invisibility
Miscellaneous
 w - a tin of tremorstones (2/2)
 C - a lightning rod (4/4)
 L - a phantom mirror


   Skills:
 + Level 18.5 Fighting
 + Level 8.5 Dodging
 - Level 5.0 Stealth
 - Level 8.5 Shields
 - Level 18.0 Spellcasting
 - Level 19.0 Conjurations
 - Level 8.0 Summonings
 - Level 4.0 Translocations
 - Level 20.0 Fire Magic
 - Level 10.0 Earth Magic
 - Level 8.0 Alchemy


You had 6 spell levels left.
You knew the following spells:

 Your Spells              Type           Power      Damage    Failure   Level
a - Ignition              Fire           68%        3d18      1%          8
b - Blink                 Tloc           100%       N/A       1%          2
c - Iskenderun's Mystic   Conj/Tloc      90%        2d18      1%          4
d - Fulminant Prism       Conj/Alch      48%        3d21      1%          4
e - Irradiate             Conj/Alch      48%        3d27      1%          5
f - Stone Arrow           Conj/Erth      100%       3d13      0%          3
g - Spellforged Servitor  Conj/Summ      48%        N/A       1%          7
h - Lehudib's Crystal Sp  Conj/Erth      49%        10d12     2%          8
j - Fire Storm            Conj/Fire      68%        8d17      4%          9

Your spell library contained the following spells:

 Spells                   Type           Power      Damage    Failure   Level
 Shatter                  Erth           42%        3d33*     78%         9
 Chain Lightning          Conj/Air       41%        3d55      83%         9
 Kiss of Death            Conj/Necr      100%       2d13      0%          1
 Magic Dart               Conj           100%       1d8       0%          1
 Shock                    Conj/Air       100%       1d9       0%          1
 Searing Ray              Conj           100%       2d8       0%          2
 Static Discharge         Conj/Air       100%       3-8/arc   0%          2
 Volatile Blastmotes      Fire/Tloc      100%       2d18      0%          3
 Iskenderun's Battlesphe  Conj           100%       2d15      0%          5
 Summon Small Mammal      Summ           100%       N/A       1%          1
 Call Imp                 Summ           100%       N/A       1%          2
 Cigotuvi's Dreadful Rot  Necr/Alch/Air  100%       N/A       1%          2
 Jinxbite                 Hex            70%        N/A       1%          2
 Lesser Beckoning         Tloc           100%       N/A       1%          2
 Sublimation of Blood     Necr           35%        N/A       1%          2
 Call Canine Familiar     Summ           78%        N/A       1%          3
 Confusing Touch          Hex            35%        N/A       1%          3
 Dazzling Flash           Conj/Hex       100%       N/A       1%          3
 Fugue of the Fallen      Necr           35%        N/A       1%          3
 Gell's Gravitas          Tloc           60%        N/A       1%          3
 Hailstorm                Conj/Ice       83%        3d14      1%          3
 Ozocubu's Armour         Ice            35%        N/A       1%          3
 Sigil of Binding         Hex            35%        N/A       1%          3
 Summon Ice Beast         Ice/Summ       60%        N/A       1%          3
 Swiftness                Air            35%        N/A       1%          3
 Teleport Other           Tloc           60%        N/A       1%          3
 Airstrike                Air            17%        2d(3-19)  1%          4
 Dimensional Bullseye     Hex/Tloc       25%        N/A       1%          4
 Ignite Poison            Fire/Alch      100%       N/A       1%          4
 Manifold Assault         Tloc           60%        N/A       1%          4
 Martyr's Knell           Necr/Summ      60%        N/A       1%          4
 Olgreb's Toxic Radiance  Alch           78%        N/A       1%          4
 Passage of Golubria      Tloc           60%        N/A       1%          4
 Petrify                  Alch/Erth      81%        N/A       1%          4
 Sticky Flame             Fire/Alch      100%       2d15      1%          4
 Summon Blazeheart Golem  Fire/Summ      100%       N/A       1%          4
 Summon Lightning Spire   Summ/Air       60%        N/A       1%          4
 Vhi's Electric Charge    Tloc/Air       100%       N/A       1%          4
 Arcjolt                  Conj/Air       41%        1d51      1%          5
 Borgnjor's Vile Clutch   Necr/Erth      32%        N/A       1%          5
 Freezing Cloud           Conj/Ice/Air   35%        6-21      1%          5
 Summon Forest            Summ/Tloc      34%        N/A       1%          5
 Yara's Violent Unravell  Hex/Alch       30%        3d13      1%          5
 Bombard                  Conj/Erth      49%        9d8       1%          6
 Eringya's Noxious Bog    Alch           39%        4d6       1%          6
 Plasma Beam              Fire/Air       53%        2x1d68    1%          6
 Starburst                Conj/Fire      68%        6d18      1%          6
 Animate Dead             Necr           35%        N/A       4%          4
 Dispel Undead            Necr           35%        3d15      4%          4
 Metabolic Englaciation   Hex/Ice        17%        N/A       12%         5
 Silence                  Hex/Air        17%        N/A       12%         5
 Dispersal                Tloc           30%        N/A       13%         6
 Sculpt Simulacrum        Ice/Alch       30%        N/A       13%         6
 Death Channel            Necr           17%        N/A       52%         6
 Orb of Destruction       Conj           55%        9d14      1%          7
 Summon Hydra             Summ           39%        N/A       14%         7
 Ozocubu's Refrigeration  Ice            17%        4d11      58%         7
 Enfeeble                 Hex            17%        N/A       97%         7
 Maxwell's Capacitive Co  Air            17%        ∞         99%         8
 Discord                  Hex            17%        N/A       100%        8


Dungeon Overview and Level Annotations

Branches:
Dungeon (15/15)            Temple (1/1) D:6            Lair (5/5) D:9
  Swamp (4/4) Lair:3        Snake (4/4) Lair:2        Slime (0/5) Lair:4
    Orc (2/2) D:10            Elf (3/3) Orc:2        Vaults (5/5) D:13
  Crypt (0/3) Vaults:2     Depths (0/4) D:15        Ossuary (visited)
  IceCv (visited)

Altars:
Ashenzari
Cheibriados
Dithmenos
Elyvilon
Fedhas
Gozag
Hepliaklqana
Kikubaaqudgha
Makhleb
Nemelex Xobeh
Okawaru
Qazlal
Ru
Sif Muna
Trog
Uskayaw
Vehumet
Wu Jian
Xom
Yredelemnul
Zin
The Shining One
Jiyva

Shops:
D:3 :   D:4 :==*   D:9 (   D:10 [   D:15 =   Orc:1 [   Orc:2 [*(*   Elf:2 ?
Snake:1 :=:

Portals:
Abyss: Lair:1
Bazaar: Elf:3

Annotations:
Swamp:2 2 transporters, exclusion: obsidian statue, Nikola
Elf:2 6 runed translucent doors
Vaults:2 3 runed translucent doors, emikaela's ghost, adept AtRe


Innate Abilities, Weirdness & Mutations

You occasionally lose the ability to drink potions when taking damage.


Message History

The fireball engulfs the frost giant!!
The frost giant is moderately wounded.
The fireball engulfs the yaktaur captain!
The yaktaur captain is almost dead.
The fireball engulfs the red very ugly thing.
The red very ugly thing resists.
The red very ugly thing is lightly wounded.
The fireball engulfs the deep troll earth mage!!
You kill the deep troll earth mage!
Vehumet accepts your kill.
You feel your power returning.
The fireball engulfs the titan!
The titan is heavily wounded.
The fireball engulfs the titan!!
The titan is severely wounded.
The fireball engulfs the ironbound preserver!!!
The ironbound preserver is severely wounded.
Your surroundings suddenly seem different.
A tentacled monstrosity, an ironbound preserver and 2 tengu reavers come into view.
A tengu reaver is wielding a +1 heavy battleaxe and wearing a +2 ring mail of cold resistance.
Found six items.
Okay, then.
You feel yourself speed up.
The tengu reaver points at you and mumbles some strange words.
The bolt of lightning hits you!!
* * * LOW HITPOINT WARNING * * *
You hear a shout! x6; You hear two shouts!
You hear a shout! x2
Unknown command.
Found a book of Necromancy.
Found 11 gold pieces.
Found a sparkling copper ring.
The tengu reaver points at you and mumbles some strange words.
The bolt of lightning hits you!!
* * * LOW HITPOINT WARNING * * *
You hear a shout!
Found an embroidered robe.
Found a runed dagger.
You see here a +2 robe of positive energy.
The tengu reaver points at you and mumbles some strange words.
The bolt of lightning hits you!!!
You die...

#### ... ...
#.##############
#.#[#.#.#.#.#.#.
#@#.#.#.#.#.#.#.
#.#.#.#.#.#$#.#.#.
#.#.#.#.#.#.#.#.#.#
#.#)#.#!#.#.#.#.#.#.
#.#.#.#.#.#.#.#.#.#[#
##.#.#.#.#.#.#.#.#.#
#.#.#.#.#.#Q#.#.#.#
##.#.#.#.#.#.#)#.#
.#.#=#.#.#.#.#.#


You could see a tengu reaver (repels missiles).

Vanquished Creatures
  A tentacled monstrosity (Vaults:4)
  Jorgrun (Orc:2)
  2 deep elf master archers (Elf:3)
  3 sphinxes (Vaults:4)
  2 thorn hunters
  Roxanne (Swamp:2)
  3 fenstrider witches
  A tengu reaver (Vaults:5)
  A shadow dragon (Vaults:5)
  8 deep elf sorcerers (Elf:3)
  Donald (Vaults:2)
  12 vault wardens
  4 nagarajas
  A frost giant (Vaults:4)
  2 deep elf elementalists (Elf:3)
  3 orc warlords
  3 very ugly things
  3 formless jellyfish
  7 ironbound thunderhulks
  A stone giant (Orc:2)
  8 ironbound preservers
  6 deep elf death magi (Elf:3)
  3 eleionomae
  4 deep elf demonologists (Elf:3)
  5 dire elephants
  5 bunyips
  5 deep elf annihilators (Elf:3)
  4 ettins
  3 war gargoyles
  An entropy weaver (shapeshifter) (D:13)
  2 entropy weavers
  2 shambling mangroves
  2 deep elf high priests
  3 great orbs of eyes
  20 hydras
  13 yaktaur captains
  13 centaur warriors
  4 ghost crabs
  A peacekeeper (Vaults:3)
  The ghost of Ashen the Thaumaturge, a journeyman GnHW of Vehumet (Lair:1)
  25 vault guards
  7 alligators
  8 ironbound frosthearts
  4 catoblepae
  7 two-headed ogres
  15 dancing weapons
  2 salamander tyrants (Snake:4)
  9 anacondas
  5 boulder beetles (D:14)
  An orc high priest (Orc:2)
  6 death yaks
  8 naga warriors
  6 naga sharpshooters
  9 tengu warriors
  The ghost of NotYourErnst the Covert, a novice OpHW of Ashenzari (D:10)
  The ghost of HaleSumoOx the Destroyer, a novice DrCj of Vehumet (D:10)
  A deep troll earth mage (Vaults:5)
  Sonja (D:11)
  11 deep elf knights
  Nergalle (Lair:1)
  6 shock serpents
  6 goliath frogs
  The ghost of Skimidon the Magician, a novice DrEE of Cheibriados (D:8)
  5 salamander mystics
  3 skysharks
  A large abomination (Lair:1)
  2 sea snakes (Snake:3)
  3 spriggan druids
  3 mana vipers
  4 glowing orange brains
  15 deep trolls
  4 bog bodies
  11 swamp dragons
  2 naga ritualists
  12 deep elf archers
  9 ironbound convokers
  10 arcanists
  2 phantasmal warriors (Vaults:3)
  A necromancer (IceCv)
  10 lindwurms
  A wolf spider (D:14)
  9 orc knights
  A harpy (D:14)
  A harpy (shapeshifter) (D:14)
  21 deep elf zephyrmancers
  4 will-o-the-wisps
  33 deep elf pyromancers
  5 oklob plants
  5 orc sorcerers
  40 ugly things
  6 manticores
  26 salamanders
  7 cyclopes
  Maurice (D:9)
  3 meliai (D:13)
  An elephant (Lair:4)
  25 naga magi
  7 guardian serpents
  20 black mambas
  3 kobold blastminers
  11 vault sentinels
  An ice statue (IceCv)
  A torpor snail (Lair:2)
  An orange demon (Lair:1)
  2 gargoyles
  8 cane toads
  Maggie (Lair:1)
  Jeremiah (D:8)
  2 efreet
  2 unseen horrors
  7 rime drakes
  13 komodo dragons
  16 yaktaurs
  10 freezing wraiths
  Psyche (D:8)
  9 ice devils (IceCv)
  2 tengu conjurers
  2 guardian mummies (D:13)
  A red devil (Lair:1)
  17 trolls
  A bloated husk (Swamp:2)
  5 saltlings (Orc:2)
  8 tyrant leeches
  9 hornets
  A polar bear (Lair:4)
  Prince Ribbit (D:5)
  A glass eye (shapeshifter) (Vaults:3)
  A raiju (Lair:1)
  4 dream sheep (Lair:4)
  26 blink frogs
  A raiju (shapeshifter) (D:14)
  31 slime creatures
  9 spriggans
  A culicivora (Vaults:1)
  2 spriggans (shapeshifter)
  An air elemental (Elf:3)
  59 yaks
  6 wyverns
  A vampire (D:10)
  4 fire elementals
  A dire elephant simulacrum (IceCv)
  4 water elementals
  A wraith (D:10)
  3 steam dragons
  2 basilisks
  10 vampire mosquitoes
  A warg (Orc:2)
  4 death yak simulacra (IceCv)
  32 nagas
  3 harpy simulacra (IceCv)
  14 swamp worms
  19 water moccasins
  A hydra simulacrum (IceCv)
  2 acid dragons
  18 orc warriors
  6 swamp drakes (Swamp:4)
  6 black bears
  3 ice beasts
  3 sky beasts
  A laughing skull (D:14)
  8 ogres
  12 wolves
  8 boggarts
  18 centaurs
  5 kobold brigands
  16 bullfrogs
  2 scorpions
  2 gnoll sergeants
  8 cane toad simulacra (IceCv)
  A two-headed ogre simulacrum (IceCv)
  6 water moccasin zombies (Ossuary)
  A burial acolyte (Ossuary)
  6 wights
  2 electric eels
  3 howler monkeys
  2 elephant simulacra (IceCv)
  Crazy Yiuf (D:3)
  2 gnoll boudas
  6 hounds
  2 jellies
  13 orc priests
  A sleepcap (D:6)
  Natasha (thrice) (D:4)
  An iguana (D:6)
  20 orc wizards
  5 hell rats (Lair:1)
  A troll simulacrum (IceCv)
  2 polar bear simulacra (IceCv)
  3 crocodile zombies (Ossuary)
  4 wolf simulacra (IceCv)
  3 mummies
  Robin (D:3)
  21 gnolls
  2 naga simulacra (IceCv)
  7 adders
  2 shadow imps
  2 white imps
  5 ufetubi
  8 adder zombies (Ossuary)
  3 dart slugs
  4 ribbon worms
  67 orcs
  6 ball pythons
  8 endoplasms
  4 giant cockroaches
  6 gnoll zombies (Ossuary)
  12 goblins
  12 hobgoblins
  7 jackals
  5 quokkas
  8 bats
  3 frilled lizards
  2 goblin zombies (D:6)
  2 jackal zombies (Ossuary)
  44 kobolds
  An orc zombie (Ossuary)
  4 rats
  A lurking horror (Lair:1)
1450 creatures vanquished.

Vanquished Creatures (collateral kills)
  A golden dragon (Vaults:5)
  Norris (Elf:3)
  A shadow dragon (Vaults:5)
  A deep elf elementalist (Elf:3)
  2 vault wardens
  2 ironbound thunderhulks
  2 formless jellyfish
  A very ugly thing (Vaults:3)
  2 ironbound preservers
  A deep elf demonologist (Elf:3)
  A deep elf death mage (Elf:3)
  A deep elf annihilator (Elf:3)
  A dire elephant (Vaults:2)
  2 ettins
  A crystal guardian (Vaults:1)
  An entropy weaver (Vaults:1)
  A great orb of eyes (Vaults:2)
  2 yaktaur captains
  3 vault guards (Vaults:5)
  An ogre mage (Vaults:4)
  An ironbound frostheart (Vaults:1)
  2 peacekeepers
  2 death knights (Vaults:2)
  3 dancing weapons
  A hell knight (D:15)
  A deep elf knight (Elf:2)
  2 deep trolls
  An arcanist (Vaults:4)
  A deep elf zephyrmancer (Elf:3)
  A phantasmal warrior (Vaults:4)
  4 ironbound convokers
  A necromancer (Vaults:2)
  A deep elf pyromancer (Elf:3)
  2 ugly things
  An orc sorcerer (Elf:1)
  4 vault sentinels
  A yaktaur (Vaults:3)
  2 slime creatures
  An earth elemental (Elf:2)
60 creatures vanquished.

Vanquished Creatures (others)
  36 fire vortices
  4 foxfires (Swamp:3)
  47 fulminant prisms
87 creatures vanquished.

Grand Total: 1597 creatures vanquished

Notes
Turn   | Place    | Note
-------+----------+-------------------------------------------
     0 | D:1      | vbillard the Deep Elf Conjurer began the quest for the Orb.
     0 | D:1      | Reached XP level 1. HP: 10/10 MP: 6/6
   220 | D:1      | Reached XP level 2. HP: 16/16 MP: 5/8
   273 | D:1      | Learned a level 2 spell: Searing Ray
   493 | D:1      | Reached skill level 1 in Fighting
   846 | D:1      | Reached XP level 3. HP: 20/20 MP: 3/9
  1112 | D:2      | Found a faded altar of an unknown god.
  1741 | D:3      | Found Hisishrink's Book Boutique.
  1777 | D:3      | Reached XP level 4. HP: 27/27 MP: 1/10
  1861 | D:3      | Learned a level 4 spell: Iskenderun's Mystic Blast
  2226 | D:3      | Noticed Robin
  2232 | D:3      | Reached skill level 1 in Translocations
  2233 | D:3      | Killed Robin
  2234 | D:3      | Reached XP level 5. HP: 32/32 MP: 3/12
  2274 | D:3      | Learned a level 4 spell: Fulminant Prism
  2585 | D:3      | Noticed a black bear
  2633 | D:2      | Reached skill level 5 in Conjurations
  2788 | D:3      | Found a runed translucent door.
  2789 | D:3      | Noticed Crazy Yiuf
  2797 | D:3      | Killed Crazy Yiuf
  3187 | D:4      | Found Lyifys's Book Emporium.
  3200 | D:4      | Reached XP level 6. HP: 37/37 MP: 11/14
  3229 | D:4      | Identified the +2 leather armour of Fedhas's Castigation
                  | {*Corrode rF+ Int+3}
  3352 | D:4      | Noticed Natasha
  3356 | D:4      | Killed Natasha
  3514 | D:4      | Found Muypsap's General Store.
  3517 | D:4      | Bought a potion of lignification for 33 gold pieces
  3617 | D:4      | Found Wappam's Jewellery Emporium.
  3622 | D:4      | Reached skill level 1 in Alchemy
  3706 | D:4      | Found Guppeadd's Jewellery Shop.
  3850 | D:4      | Noticed Natasha
  3857 | D:4      | Killed Natasha
  3964 | D:4      | Reached skill level 5 in Spellcasting
  3969 | D:4      | Reached XP level 7. HP: 21/41 MP: 3/16
  4500 | D:4      | Noticed a steam dragon
  4539 | D:4      | Noticed Natasha
  4542 | D:4      | Killed Natasha
  4864 | D:5      | Entered Level 5 of the Dungeon
  4903 | D:5      | Found an iron altar of Okawaru.
  5164 | D:5      | Noticed Prince Ribbit
  5186 | D:5      | Noticed a yak
  5187 | D:5      | Noticed a yak
  5187 | D:5      | Noticed a yak
  5187 | D:5      | Noticed a yak
  5221 | D:4      | Killed a yak
  5263 | D:5      | Killed a yak
  5276 | D:4      | Killed a yak
  5277 | D:4      | Reached XP level 8. HP: 17/46 MP: 11/19
  6695 | D:6      | Found a glowing golden altar of the Shining One.
  6824 | D:6      | Found a sand-covered staircase.
  6882 | Ossuary  | Entered an ossuary
  6909 | Ossuary  | Reached XP level 9. HP: 51/51 MP: 21/21
  7158 | Ossuary  | Reached skill level 5 in Stealth
  7236 | D:6      | Found a staircase to the Ecumenical Temple.
  7242 | Temple   | Entered the Ecumenical Temple
  7255 | Temple   | Became a worshipper of Vehumet
  7298 | D:6      | Reached skill level 5 in Dodging
  8033 | D:7      | Found a sacrificial altar of Ru.
  8150 | D:7      | Found a shadowy altar of Dithmenos.
  8386 | D:7      | Reached skill level 5 in Fighting
  8386 | D:7      | Reached skill level 10 in Conjurations
  8920 | D:7      | Found an ornate altar of the Wu Jian Council.
  9237 | D:8      | Reached * piety under Vehumet
  9237 | D:8      | Offered knowledge of Sting by Vehumet.
  9336 | D:8      | Found a transporter.
  9337 | D:8      | Noticed Skimidon's ghost (novice DrEE)
  9337 | D:8      | Identified the +7 dire flail of Etuj {antimagic, ^Drain
                  | rN+++ Str+5 Stlth-}
  9337 | D:8      | Noticed a two-headed ogre
  9345 | D:8      | Found a transporter.
  9359 | D:8      | Reached XP level 10. HP: 54/61 MP: 19/22
  9499 | D:8      | Noticed Psyche
  9513 | D:8      | Killed Psyche
  9639 | D:8      | Noticed Jeremiah
  9650 | D:8      | Killed Jeremiah
 10250 | D:8      | Identified 2 scrolls of acquirement
 10251 | D:8      | Acquired a book of Transmutation
 10259 | D:8      | Learned a level 5 spell: Irradiate
 10333 | D:9      | Noticed Maurice
 10339 | D:9      | Killed Maurice
 10357 | D:9      | Reached skill level 5 in Alchemy
 10543 | D:9      | Offered knowledge of Sandblast by Vehumet.
 10544 | D:9      | Found a staircase to the Lair.
 10655 | D:9      | Reached ** piety under Vehumet
 10731 | D:9      | Reached skill level 1 in Fire Magic
 10731 | D:9      | Reached skill level 1 in Earth Magic
 10851 | D:9      | Found a hazy altar of Hepliaklqana.
 10852 | D:9      | Found a shimmering altar of Xom.
 10852 | D:9      | Noticed a will-o-the-wisp
 10853 | D:9      | Noticed a will-o-the-wisp
 10923 | D:9      | Found Haut's Antique Weapon Boutique.
 11244 | D:10     | Entered Level 10 of the Dungeon
 11265 | D:10     | Reached skill level 10 in Spellcasting
 11265 | D:10     | Reached skill level 2 in Fire Magic
 11351 | D:10     | Found a staircase to the Orcish Mines.
 11369 | D:10     | Found Vuyck's Armour Shop.
 11420 | D:10     | Noticed a centaur warrior
 11433 | D:10     | HP: 1/63 [centaur warrior (4)]
 11442 | D:10     | Killed a centaur warrior
 11443 | D:10     | Reached skill level 3 in Fire Magic
 11512 | D:10     | HP: 3/63 [orc warrior/+0 battleaxe (19)]
 11886 | D:10     | Found a blossoming altar of Fedhas.
 11952 | D:10     | Found a runed translucent gate.
 11952 | D:10     | Found a runed translucent gate.
 11953 | D:10     | Found a runed translucent gate.
 11956 | D:10     | Noticed HaleSumoOx's ghost (novice DrCj)
 11956 | D:10     | Noticed NotYourErnst's ghost (novice OpHW)
 11992 | D:10     | Reached skill level 4 in Fire Magic
 11992 | D:10     | Reached XP level 11. HP: 59/67 MP: 26/27
 12216 | D:10     | Found a sparkling altar of Nemelex Xobeh.
 12326 | D:10     | Acquired an Everburning Encyclopedia
 12442 | Lair:1   | Entered Level 1 of the Lair of Beasts
 12443 | Lair:1   | Noticed Maggie
 12451 | Lair:1   | Killed Maggie
 12464 | D:9      | Reached skill level 5 in Fire Magic
 12581 | Lair:1   | Offered knowledge of Stone Arrow by Vehumet.
 12582 | Lair:1   | Reached skill level 5 in Earth Magic
 12600 | D:9      | Learned a level 3 spell: Stone Arrow
 12618 | Lair:1   | Reached *** piety under Vehumet
 12699 | Lair:1   | Reached skill level 6 in Fire Magic
 13145 | D:3      | Bought the Unrestrained Analects for 440 gold pieces
 13150 | D:3      | Learned a level 4 spell: Olgreb's Toxic Radiance
 13155 | D:3      | Learned a level 4 spell: Ignite Poison
 13751 | Lair:1   | Offered knowledge of Frozen Ramparts by Vehumet.
 13815 | Lair:1   | Noticed a six-headed hydra
 13823 | Lair:1   | Killed a six-headed hydra
 14005 | Lair:1   | Found a one-way gate to the infinite horrors of the Abyss.
 14005 | Lair:1   | Noticed Ashen's ghost (journeyman GnHW)
 14006 | Lair:1   | Noticed a spriggan rider
 14006 | Lair:1   | Noticed a white ugly thing
 14013 | Lair:1   | Noticed a large abomination
 14017 | Lair:1   | Found a transporter.
 14034 | Lair:1   | Reached skill level 7 in Fire Magic
 14117 | Lair:1   | Noticed Nergalle
 14123 | Lair:1   | Killed Nergalle
 14198 | Lair:1   | Found a transporter.
 14421 | Lair:2   | Found a frozen archway.
 14434 | IceCv    | Entered an ice cave
 14590 | IceCv    | Reached **** piety under Vehumet
 14623 | IceCv    | Noticed a white ugly thing
 14628 | IceCv    | Killed a white ugly thing
 14633 | IceCv    | Reached skill level 8 in Fire Magic
 14633 | IceCv    | Reached XP level 12. HP: 75/75 MP: 10/28
 14834 | IceCv    | Offered knowledge of Airstrike by Vehumet.
 14975 | IceCv    | Found an ancient bone altar of Kikubaaqudgha.
 15259 | IceCv    | Reached skill level 10 in Fighting
 16105 | Lair:2   | Noticed a six-headed hydra
 16112 | Lair:2   | Killed a six-headed hydra
 16558 | Lair:2   | Found a staircase to the Snake Pit.
 16646 | Lair:2   | Reached XP level 13. HP: 57/84 MP: 24/31
 16793 | Lair:2   | Reached ***** piety under Vehumet
 16793 | Lair:2   | Offered knowledge of Lee's Rapid Deconstruction by Vehumet.
 16801 | Lair:2   | Learned a level 6 spell: Starburst
 17532 | Lair:3   | Reached skill level 9 in Fire Magic
 17934 | Lair:3   | Reached skill level 10 in Fire Magic
 18250 | Lair:3   | Found a staircase to the Swamp.
 18258 | Lair:3   | Reached skill level 11 in Fire Magic
 18922 | Lair:4   | Reached skill level 12 in Fire Magic
 19104 | Lair:4   | Found a viscous altar of Jiyva.
 19104 | Lair:4   | Found a staircase to the Slime Pits.
 19712 | Lair:4   | Offered knowledge of Bombard by Vehumet.
 19908 | Lair:5   | Entered Level 5 of the Lair of Beasts
 20077 | Lair:5   | Reached XP level 14. HP: 91/92 MP: 28/33
 22389 | D:5      | Killed Prince Ribbit
 22461 | D:5      | Found an iron altar of Okawaru.
 23201 | D:8      | Killed Skimidon's ghost
 23376 | D:10     | Killed NotYourErnst's ghost
 23380 | D:10     | Killed HaleSumoOx's ghost
 23388 | D:10     | Identified the -1 helmet of Devotion {rC+ SInv}
 23541 | D:11     | Offered knowledge of Fireball by Vehumet.
 23559 | D:11     | Noticed Sonja
 23565 | D:11     | Killed Sonja
 23949 | D:11     | You fall into a shaft and drop 2 floors!
 24018 | D:13     | Found a portal to a secret trove of treasure.
 24115 | D:13     | Reached skill level 13 in Fire Magic
 24713 | D:13     | Reached skill level 14 in Fire Magic
 25018 | D:13     | Reached XP level 15. HP: 62/100 MP: 30/35
 25074 | D:13     | Found a gate to the Vaults.
 25814 | D:14     | Reached skill level 15 in Fire Magic
 26025 | D:14     | Identified the +3 buckler "Tuppumudd" {+Blink rC- Str+8
                  | Int-3}
 26182 | D:14     | Identified the +9 mace of the Hurtling Gods {flame, rC+
                  | Str+2 Dex+3}
 26215 | D:14     | Offered knowledge of Spellforged Servitor by Vehumet.
 26216 | D:14     | Reached skill level 16 in Fire Magic
 26225 | D:14     | Learned a level 8 spell: Ignition
 27030 | D:14     | Identified the amulet of the Establishment {Acrobat rC+
                  | Int+3}
 28142 | Orc:1    | Entered Level 1 of the Orcish Mines
 28457 | Orc:2    | Entered Level 2 of the Orcish Mines
 28475 | Orc:2    | Found a staircase to the Elven Halls.
 28584 | Orc:1    | Reached skill level 1 in Shields
 28584 | Orc:1    | Reached skill level 15 in Spellcasting
 28617 | Orc:1    | Found Igeomus's Armour Boutique.
 28981 | Orc:2    | Offered knowledge of Conjure Ball Lightning by Vehumet.
 29073 | Orc:2    | Noticed Jorgrun
 29479 | Orc:2    | Found Qucie's General Store.
 29511 | Orc:2    | Found Guvy's General Store.
 29513 | Orc:2    | Found Cij Vyto's Weapon Shoppe.
 29527 | Orc:2    | Bought a scroll of fear for 60 gold pieces
 29626 | Orc:2    | Found Dios's Antique Armour Shoppe.
 29638 | Orc:2    | Bought a runed leather armour for 120 gold pieces
 29671 | Orc:2    | Killed Jorgrun
 29742 | Orc:2    | Reached XP level 16. HP: 106/107 MP: 23/37
 30086 | Swamp:1  | Entered Level 1 of the Swamp
 30257 | Swamp:1  | Found a glowing silver altar of Zin.
 31217 | Swamp:2  | Noticed a thorn hunter
 31217 | Swamp:2  | Found a transporter.
 31297 | Swamp:2  | Offered knowledge of Iskenderun's Battlesphere by Vehumet.
 31412 | Swamp:2  | Reached skill level 17 in Fire Magic
 31498 | Swamp:2  | Noticed a tentacled monstrosity
 31499 | Swamp:2  | Identified the +2 flail of Downeriyh {freeze, rCorr Stlth+}
 31503 | Swamp:2  | Identified the ring of Seevaet {Fly Dex+6 SInv}
 31503 | Swamp:2  | Noticed Nikola
 31510 | Swamp:2  | Found a transporter.
 31545 | Swamp:2  | Noticed Roxanne
 31548 | Swamp:2  | Noticed a thorn hunter
 31561 | Swamp:2  | Killed a thorn hunter
 31734 | Swamp:2  | Reached skill level 15 in Fighting
 31933 | Swamp:2  | Killed Roxanne
 32359 | Swamp:3  | Found a sacrificial altar of Ru.
 32533 | Swamp:3  | Reached skill level 5 in Shields
 32541 | Swamp:3  | Found the +4 skin of Zhor {*Englaciate rC+++ SInv}
 33301 | Swamp:4  | Entered Level 4 of the Swamp
 33611 | Swamp:4  | Noticed a thorn hunter
 33839 | Swamp:4  | Offered knowledge of Lehudib's Crystal Spear by Vehumet.
 33945 | Swamp:4  | Killed a thorn hunter
 34039 | Swamp:4  | Reached skill level 18 in Fire Magic
 34193 | Swamp:4  | Reached XP level 17. HP: 113/113 MP: 31/39
 34245 | Swamp:4  | Paralysed by a fenstrider witch for 4 turns
 34802 | Swamp:4  | Got a decaying rune of Zot
 35335 | Snake:1  | Entered Level 1 of the Snake Pit
 35610 | Snake:1  | Reached skill level 1 in Summonings
 36681 | Snake:1  | Found Enewircha's Book Shoppe.
 36684 | Snake:1  | Found Baifibef's Jewellery Boutique.
 36685 | Snake:1  | Found Moamagot's Book Shoppe.
 36693 | Snake:1  | Bought a book of Minor Magic for 288 gold pieces
 36767 | Snake:1  | Bought the ring "Trusted Companion" {Fly rF+ Will+ Str-2
                  | Dex+2} for 534 gold pieces
 37029 | Snake:1  | Learned a level 2 spell: Blink
 37991 | Snake:2  | You are sucked into a shaft and drop 1 floor!
 39062 | Snake:3  | Identified the dragon-blood talisman of Ehitt {rC+}
 39451 | Snake:3  | Reached skill level 5 in Summonings
 40968 | D:13     | You paid a toll of 5 scrolls of fear to enter a treasure
                  | trove
 40969 | Trove    | Entered a treasure trove
 40976 | Trove    | Identified the +2 cloak of Classification {rPois rF+++
                  | Str+4 Dex-3}
 40987 | Trove    | Identified the amulet of Wishful Thinking {Faith rElec rN+}
 40992 | Trove    | Identified the +3 buckler of Wu Jian's Regard {rN+ Will+
                  | Int+3}
 40997 | Trove    | Identified the amulet "Fethujin" {Spirit ^Drain rElec rN++
                  | Dex+3}
 41012 | Trove    | Identified the ring of Eheackaodu {rC+ Dex+6}
 41279 | Snake:4  | Entered Level 4 of the Snake Pit
 41712 | Snake:4  | Reached ****** piety under Vehumet
 42203 | Snake:4  | Reached skill level 19 in Fire Magic
 42676 | Snake:3  | Gained mutation: You occasionally lose the ability to drink
                  | potions when taking damage. [mutagenic glow]
 43061 | Snake:4  | Reached XP level 18. HP: 115/120 MP: 21/40
 43803 | Snake:4  | Offered knowledge of Fire Storm by Vehumet.
 43803 | Snake:4  | Offered knowledge of Shatter by Vehumet.
 43803 | Snake:4  | Offered knowledge of Chain Lightning by Vehumet.
 43837 | Snake:4  | Learned a level 9 spell: Fire Storm
 43847 | Snake:4  | Learned a level 7 spell: Spellforged Servitor
 44333 | Snake:4  | Got a serpentine rune of Zot
 44544 | Lair:1   | Killed Ashen's ghost
 44873 | D:15     | Entered Level 15 of the Dungeon
 45129 | D:15     | Found a staircase to the Depths.
 45429 | D:15     | Identified the +7 sling "Sarcophage" {freeze, rC+ rN++
                  | Dex+4}
 46145 | D:15     | Found Rioll's Jewellery Boutique.
 46458 | Elf:1    | Entered Level 1 of the Elven Halls
 46465 | Elf:1    | Reached skill level 20 in Fire Magic
 46731 | Elf:1    | Found a radiant altar of Vehumet.
 47958 | Elf:2    | Found Ceptiso's Magic Scroll Emporium.
 47976 | Elf:2    | Bought a scroll of blinking for 142 gold pieces
 48127 | Elf:2    | Found a runed translucent gate.
 48129 | Elf:2    | Found a runed translucent gate.
 48134 | Elf:2    | Found a runed translucent gate.
 48347 | Elf:2    | Found a runed translucent gate.
 48347 | Elf:2    | Found a runed translucent gate.
 48347 | Elf:2    | Found a runed translucent gate.
 49165 | Elf:3    | Entered Level 3 of the Elven Halls
 49170 | Elf:3    | Noticed Norris
 49349 | Elf:1    | Found an ancient bone altar of Kikubaaqudgha.
 49869 | Elf:3    | Killed Norris
 49870 | Elf:3    | Reached skill level 15 in Conjurations
 49870 | Elf:3    | Reached XP level 19. HP: 110/125 MP: 25/41
 50298 | Elf:3    | Found a gateway to a bazaar.
 50781 | Elf:3    | Identified the +10 rapier "Suesyqun" {speed, rC+}
 51081 | Elf:3    | Identified the ring "Etassidgh" {Wiz Str+5}
 51304 | Elf:3    | Noticed a Tzitzimitl
 51534 | Elf:3    | Identified the +2 trident of Righteous Fury {freeze, ^Drain
                  | rF+ Int+3 Dex+6}
 51896 | Vaults:1 | Entered Level 1 of the Vaults
 52738 | Vaults:1 | Learned a level 8 spell: Lehudib's Crystal Spear
 53021 | Vaults:1 | Acquired the staff of Fear {rC+ Will++ Earth}
 54443 | Vaults:2 | Found a runed translucent gate.
 54444 | Vaults:2 | Found a runed translucent gate.
 54444 | Vaults:2 | Found a runed translucent gate.
 54819 | Vaults:2 | Reached XP level 20. HP: 110/132 MP: 18/44
 55025 | Vaults:2 | Noticed Donald
 55026 | Vaults:2 | Killed Donald
 55047 | Vaults:2 | Identified the death talisman of Shadows and Fog {Str+2
                  | SInv}
 55351 | Vaults:2 | Noticed emikaela's ghost (adept AtRe)
 55631 | Vaults:2 | Found a staircase to the Crypt.
 56543 | Vaults:2 | Paralysed by a formless jellyfish for 1 turns
 60287 | Vaults:4 | Reached skill level 10 in Earth Magic
 60428 | Vaults:4 | Reached XP level 21. HP: 136/140 MP: 33/45
 60556 | Vaults:4 | Got Sif Muna's Tome of Ill-fated Command
 61543 | Vaults:5 | Entered Level 5 of the Vaults
 61543 | Vaults:5 | Noticed a golden dragon
 61555 | Vaults:5 | Killed a golden dragon
 61570 | Vaults:5 | Killed from afar by a tengu reaver

Illustrated notes

Levels and vault maps discovered:
D:1:      minmay_arrival_solitary_statue, layout_rooms, minmay_indecisive_spiral
D:2:      layout_rooms, chequers_ecumenical_altar_simple
D:3:      layout_rooms, serial_shops, shop_fountains, serial_rivers,
          chequers_serial_rivers_room_b, chequers_serial_rivers_room_b,
          chequers_serial_rivers_micro_c, chequers_serial_rivers_micro_b,
          chequers_serial_rivers_small_a, chequers_serial_rivers_small_b,
          minmay_randomly_rotated_circles, uniq_robin, uniq_crazy_yiuf_cottage
D:4:      kennysheep_kobold_camp, layout_basic, serial_shops, shop,
          shop_fountains, kennysheep_mini, shop, lightli_corner_chamber,
          uniq_natasha
D:5:      layout_layer_cave, nicolae_overflow_hidden_temple, uniq_prince_ribbit1
D:6:      layout_layer_cave, lemuel_coloured_pillars_altar,
          minmay_temple_entry_hall, nicolae_ossuary_entry_giza
D:7:      layout_basic, nicolae_wu_jian_glorious_leap,
          nicolae_dithmenos_the_darkroom, mainiacjoe_overflow_surrounded_room
D:8:      layout_cave_pods, gammafunk_ghost_smash, bh_walls_and_bars,
          uniq_psyche, uniq_jeremiah
D:9:      layout_long_grid, regret_index_temple_of_mockery, david_lair_shrubbed,
          serial_shops, shop_fountains, serial_bayou_pond_b,
          minmay_variable_closet, uniq_maurice
D:10:     layout_irregular_city, nemelex_altar_shiori, fedhas_altar_3,
          orc_david_3, gammafunk_ghost_cemetery
D:11:     layout_loops_ring, uniq_sonja
D:12:     layout_irregular_city, lemuel_old_faithful
D:13:     layout_irregular_city, david_vaults_4,
          nicolae_trove_entry_path_of_doom, hex_medium,
          minmay_fractal_squares_gapless_7
D:14:     minmay_swirls_squares, layout_basic, minmay_misc_feat_more_columns,
          drop_trap, minmay_diced_spiral
D:15:     hangedman_depths_entry_civil_slaughter, layout_loops_ring,
          serial_shops, nicolae_shop_trees
Temple:   nicolae_temple_ecumenical_triangle
Lair:1:   layout_regular_city, gammafunk_ghost_abyssal_escape,
          chequers_serial_rivers_marsh, st_stairs_7, grunt_megastairs_2,
          uniq_maggie, uniq_nergalle
Lair:2:   layout_regular_city, alex1729_snake_entry_snake, portal_ice_cave_rime,
          gauntlet_entry_generic, infiniplex_staircase_pool
Lair:3:   minmay_lair_oklob_chamber, layout_cave_pods, swamp_mist, st_stairs_11
Lair:4:   wad_woods_structure_01, layout_misc_corridors,
          dpeg_slime_entry_enclosed, serial_rivers,
          chequers_serial_rivers_micro_a, chequers_serial_rivers_micro_c,
          chequers_serial_rivers_micro_e, chequers_serial_rivers_large_a,
          chequers_serial_rivers_marsh, chequers_serial_rivers_micro_d
Lair:5:   evilmike_catoblepas_cave, layout_regular_city
Swamp:1:  layout_basic_swamp, lemuel_altar_in_water, swamp_pool_4,
          nicolae_swamp_tree_designs, nicolae_swamp_hydra_murder_den
Swamp:2:  gammafunk_sealed_arena, layout_falls_marsh,
          evilmike_swamp_ruin_house_6, swamp_pool_1_2, uniq_nikola, uniq_roxanne
Swamp:3:  layout_falls_marsh, basic_altar
Swamp:4:  swamp_alternative, layout_basic_swamp, infiniplex_staircase_pool_2
Snake:1:  layout_layer_cave, st_stairs_5, nicolae_snake_shapes,
          minmay_shop_grove
Snake:2:  layout_layer_cave
Snake:3:  layout_misc_corridors, st_stairs_8, serial_bayou_pond_e,
          nicolae_large_snake_swirl, serial_bayou_shore_a
Snake:4:  grunt_snake_rune_pools, layout_cave_town, nicolae_coiled_stairwell_up
Orc:1:    layout_caves, serial_shops, shop, nicolae_orc_lava_room
Orc:2:    hellmonk_orc_salted, layout_diamond_mine, uniq_jorgrun
Elf:1:    eino_elf_arrival_the_gate, layout_onion_city, basic_altar,
          minivault_28, lemuel_upstairs_altar
Elf:2:    nicolae_elf_blades_splatter_lattice [nicolae_blade_tridents],
          layout_onion_city, serial_shops, shop,
          nicolae_gammafunk_elf_defective_weapons_storage
Elf:3:    grunt_elf_hall_diamonds, layout_geoelf_diagonals, serial_shops,
          bzr_entry_road, hangedman_elf_simple_split, minmay_elf_sorcery,
          uniq_norris
Vaults:1: grunt_vaults_hallway_long, nicolae_vaults_wrenched,
          nicolae_vaults_closet_pinwheel_6, grunt_vaults_hallway_long,
          ontoclasm_vaults_loading_screen,
          nicolae_vaults_corridor_and_loot_room, layout_vaults_omnigrid
Vaults:2: gammafunk_ghost_tricky_traps, hangedman_vaults_stagger,
          vaults_mumra_hexcomb, blue_anna_dwarven_crypt,
          nicolae_vaults_turnstiles, vaults_room_pool, nicolae_vaults_murderbox,
          hangedman_vaults_trim, v_misc_15, nicolae_vaults_tetromino_Z_2,
          hangedman_vaults_slice, hangedman_vaults_impose, vaults_room_pools,
          layout_vaults_ring, uniq_donald
Vaults:3: nicolae_vaults_house_3, nicolae_vaults_inception_corners,
          grunt_vaults_funnel, nicolae_vaults_network_periphery,
          nicolae_vaults_double_plus_3, nicolae_vaults_offset_grid_hallway_4,
          ontoclasm_vaults_decontamination, nicolae_vaults_six-pack, v_misc_25,
          nicolae_vaults_double_plus_1, nicolae_vaults_tangent_ellipses,
          hangedman_vaults_corner_blocks, layout_vaults_maze_bifur, uniq_margery
Vaults:4: v_alt_pattern_3, hangedman_vaults_locks, grunt_vaults_trifunnel,
          nicolae_vaults_quadrants, nicolae_vaults_circle_grid_b, v_pattern_5,
          v_rooms_6, nicolae_vaults_storage_closets_1,
          nicolae_vaults_more_shelving_1, hangedman_vaults_stretched_pinwheel,
          nicolae_vaults_little_squares_5, nicolae_vaults_storage_room_water,
          nicolae_vaults_apartment_2, nicolae_vaults_two_Ls,
          layout_vaults_omnibox
Vaults:5

Skill      XL: |  1  2  3  4  5  6  7  8  9 10 11 12 13 14 15 16 17 18 19 20 21 |
---------------+----------------------------------------------------------------+-----
Stealth        | 3 4 5 |  5.0
Dodging        | 3 4 5 8 |  8.5
Fighting       | 1 2 3 6 7 8 11 12 14 15 16 17 18 | 18.5
Translocations | 1 2 3 4 |  4.0
Spellcasting   | 4 5 6 7 10 12 13 14 15 16 18 | 18.0
Conjurations   | 5 7 9 10 15 18 19 | 19.0
Alchemy        | 1 4 6 8 |  8.0
Fire Magic     | 4 8 12 14 16 18 19 20 | 20.0
Earth Magic    | 4 5 10 | 10.0
Shields        | 2 6 8 |  8.5
Summonings     | 7 8 |  8.0

Action                     |  1- 3 |  4- 6 |  7- 9 | 10-12 | 13-15 | 16-18 | 19-21 || total
---------------------------+-------+-------+-------+-------+-------+-------+-------++-------
  Melee: Unarmed           |     3 |       |       |       |       |       |       ||     3
         Short sword       |     4 |    48 |    69 |       |       |       |       ||   121
         Spear             |       |       |       |    87 |    58 |       |       ||   145
         Trident           |       |       |       |     4 |       |       |       ||     4
         Mace              |       |       |       |       |    32 |     1 |       ||    33
         Staff             |       |       |       |       |       |    42 |     5 ||    47
   Cast: Magic Dart        |    66 |    37 |    47 |    27 |       |       |       ||   177
         Searing Ray       |    11 |    33 |    85 |    61 |       |       |       ||   190
         Iskenderun's Myst |       |       |     1 |    26 |    35 |    36 |    26 ||   124
         Fulminant Prism   |       |       |       |    17 |    10 |    20 |       ||    47
         Irradiate         |       |       |       |     7 |    11 |    44 |     3 ||    65
         Stone Arrow       |       |       |       |   166 |   402 |   731 |   108 ||  1407
         Olgreb's Toxic Ra |       |       |       |     6 |    57 |     1 |       ||    64
         Ignite Poison     |       |       |       |     5 |    54 |     1 |       ||    60
         Starburst         |       |       |       |       |    23 |    63 |       ||    86
         Ignition          |       |       |       |       |     1 |    80 |   114 ||   195
         Spellforged Servi |       |       |       |       |       |    11 |    56 ||    67
         Fire Storm        |       |       |       |       |       |     2 |    22 ||    24
         Lehudib's Crystal |       |       |       |       |       |       |    96 ||    96
  Evoke: Wand              |       |       |       |     3 |       |     6 |       ||     9
    Use: Scroll            |       |     6 |     4 |     6 |     9 |    18 |     3 ||    46
         Potion            |       |       |       |     2 |       |     3 |     1 ||     6
   Stab: Sleeping          |       |       |     3 |       |       |       |       ||     3
         Invisible         |       |       |       |     1 |       |       |       ||     1
 Armour: Robe              |     7 |    30 |       |       |       |       |       ||    37
         Leather armour    |       |    13 |   118 |   191 |   274 |    63 |       ||   659
         Skin              |       |       |       |    17 |       |       |       ||    17
         Animal skin       |       |       |       |       |       |   310 |   116 ||   426
  Dodge: Dodged            |    11 |    44 |    85 |   116 |   159 |   161 |    51 ||   627
  Block: Buckler           |       |    13 |    27 |    69 |    62 |   142 |    40 ||   353
